 Dungeon Crawl Stone Soup version 0.29-a0-323-g050149af67 (webtiles) character file.

Game seed: 17143700450270963911

2660 Morbidden the Conjurer (level 9, -14/106 HPs)
             Began as a Demonspawn Conjurer on Apr 12, 2022.
             Was a Follower of Cheibriados.
             Demolished by a cyclops (17 damage)
             ... on level 8 of the Dungeon.
             The game lasted 00:11:43 (8143 turns).

Morbidden the Conjurer (Demonspawn Conjurer)        Turns: 8143, Time: 00:11:44

Health: -14/106    AC: 24    Str:  9    XL:     9   Next: 36%
Magic:  2/17       EV:  2    Int: 39    God:    Cheibriados [*.....]
Gold:   364        SH:  0    Dex: 18    Spells: 12/19 levels left

rFire   . . .      SeeInvis .   a - +2 dagger (venom)
rCold   . . .      Faith    .   (no shield)
rNeg    . . .      Spirit   .   (body armour currently unavailable)
rPois   +          Reflect  .   (helmet currently unavailable)
rElec   .          Harm     .   (cloak currently unavailable)
rCorr   .          Rampage  .   (gloves currently unavailable)
Will    .....      NoTele   +   (boots currently unavailable)
Stlth   ++........              w - amulet "Forget-Me-Not" {Acrobat Dex+3}
HPRegen 0.27/turn               j - +6 ring of intelligence
MPRegen 0.15/turn               r - +6 ring of intelligence

@: brilliant, lethally poisoned (-14 -> -34), tree-form (expiring), weak-willed,
on berserk cooldown, slowed, very slow
A: stationary, stasis, torment immunity, boosted hp, (thin metallic scales 2),
ignite blood 2, powered by pain 2, agile 1, robust 1, evolution 1
a: Renounce Religion, Bend Time


You were on level 8 of the Dungeon.
You worshipped Cheibriados.
Cheibriados was aware of your devotion.
You were a tree.
You visited 1 branch of the dungeon, and saw 8 of its levels.

You collected 364 gold pieces.

Inventory:

Hand Weapons
 a - a +2 dagger of venom (weapon)
 b - a +2 long sword of flaming
Armour
 e - +0 shadow dragon scales (melded)
 B - a +2 cloak of willpower (melded)
 F - a +0 pair of gloves (melded)
Jewellery
 j - a +6 ring of intelligence (left branch)
 r - a +6 ring of intelligence (right branch)
 w - the amulet "Forget-Me-Not" (around neck) {Acrobat Dex+3}
   (You found it on level 4 of the Dungeon)

   [amulet of the acrobat]

   It increases your evasion while moving and waiting.
   Dex:       It affects your dexterity (+3).
 x - a ring of willpower
 A - a +6 ring of strength
Wands
 p - a wand of polymorph (15)
 q - a wand of digging (6)
 E - a wand of acid (10)
 G - a wand of flame (21)
Scrolls
 d - 2 scrolls of magic mapping
 g - 4 scrolls of amnesia
 h - 4 scrolls of identify
 i - a scroll of enchant armour {unknown}
 k - 2 scrolls of blinking
 l - 3 scrolls of teleportation
 t - 2 scrolls of enchant weapon
 y - a scroll of immolation
 D - 2 scrolls of fog
Potions
 c - 5 potions of curing
 n - a potion of attraction
 C - 2 potions of haste


   Skills:
 * Level 4.2 Fighting
 + Level 2.5(2.7) Short Blades
 * Level 0.8(1.8) Long Blades
 + Level 2.4 Armour
 * Level 4.1 Dodging
 + Level 3.1 Stealth
 * Level 5.9 Spellcasting
 * Level 7.6 Conjurations
 * Level 3.2 Translocations
 * Level 2.4 Invocations


You had 12 spell levels left.
You knew the following spells:

 Your Spells              Type           Power      Damage    Failure   Level
a - Magic Dart            Conj           100%       1d8       1%          1
b - Searing Ray           Conj           100%       2d8       1%          2
c - Iskenderun's Mystic   Conj/Tloc      69%        2d14      3%          4

Your spell library contained the following spells:

 Spells                   Type           Power      Damage    Failure   Level
 Blink                    Tloc           100%       N/A       1%          2
 Dazzling Flash           Conj/Hex       100%       N/A       1%          3
 Fulminant Prism          Conj/Hex       29%        3d14      6%          4
 Manifold Assault         Tloc           53%        N/A       22%         5
 Storm Form               Tmut/Air       8%         N/A       100%        7
 Borgnjor's Revivificati  Necr           8%         N/A       100%        8
 Necromutation            Tmut/Necr      8%         N/A       100%        8
 Death's Door             Necr           8%         N/A       100%        9


Dungeon Overview and Level Annotations

Branches:
Dungeon (8/15)             Temple (0/1) D:6
   Lair: D:8-11

Altars:
Cheibriados
Hepliaklqana
Kikubaaqudgha
Ru

Shops:
D:7 (


Innate Abilities, Weirdness & Mutations

You are a tree.
Your roots penetrate the ground, keeping you stationary.
You cannot be teleported.
You are immune to unholy pain and torment.
Your maximum health is greatly increased.
Your equipment is partially melded.
((You are mostly covered in thin metallic scales. (AC +3)))
Your demonic aura often causes spilled blood to erupt in flames.
You sometimes gain power by taking damage.
You are agile. (Dex +2)
You are robust. (+10% HP)
You have hidden genetic potential.


Message History

The gnoll hits you but does no damage.
The howler monkey hoots and howls with incredible vigour!
As you read the scroll labelled BUFIPU REILO, it crumbles to dust.
The creatures around you are filled with an inner flame!
It was a scroll of immolation.
You feel very sick.
The howler monkey hits you but does no damage.
The gnoll sergeant hits you but does no damage.
The gnoll barely misses you. The gnoll hits you but does no damage.
The gnoll sergeant hits you but does no damage.
Unknown command.
Unknown command.
As you read the scroll labelled MATIDI PUBESH, it crumbles to dust.
The scroll dissolves into smoke.
It was a scroll of fog.
You feel sick.
The howler monkey hoots and howls with incredible vigour!
The gnoll hits you but does no damage.
The gnoll sergeant hits you from afar with a +7 spear of venom!
* * * LOW HITPOINT WARNING * * *
Unknown command.
As you read the scroll labelled KUTAIX GUUTSOMU, it crumbles to dust.
You speak a Word of immense power!
You are blasted by holy energy!
* * * LOW HITPOINT WARNING * * *
It was a scroll of holy word.
You feel sick.
The gnoll sergeant hits you but does no damage.
You are lethally poisoned!
The gnoll hits you but does no damage. The cyclops hits you.
* * * LOW HITPOINT WARNING * * *
The gnoll sergeant hits you but does no damage.
The gnoll hits you but does no damage.
Unknown command.
As you read the scroll labelled FYCETO FUUSYPY, it crumbles to dust.
You hear a loud clanging noise!
It was a scroll of noise.
* * * LOW HITPOINT WARNING * * *
You feel very sick.
The gnoll sergeant hits you from afar with a +7 spear of venom.
* * * LOW HITPOINT WARNING * * *
You are more poisoned.
The gnoll hits you but does no damage. The cyclops hits you!
You die...

,,,,,,,,,,,,,,,,,,,,,,** ****
,,,,,,,,,,*...........#** **,,***
,,,,<,,,,,*#.........?#.***,,,,*,
,,,>,,,,,,,*.?..........,,,,,,,,,
,,,,,,,,,,,**...........,>,*,,,,,
,,,,,,..h..**#..........,****,,,,
,,,,,,$.h..###§§§.§.....,****,,,,
,,,,,,,.......g§§§......,,,,,,,,*
,,,,≈≈≈≈≈≈≈...g§♣§#*,,,,,,*,,,*,,
*,*,≈****#≈.#####C#*,,,.,**,,,**,
***,≈*,,,#≈..####h##....,,**,,**,
***,≈,,∩,#≈..#...o)......,,,,,**,
,,*.≈*,,,#≈.g†g..).......*,,,**,,
,,,g≈#####≈g..g..........,,,,,*,,
,,,.≈≈≈≈≈≈≈g.##..........,,,,,,,,
,,,........o###..........,,,,,,,*
,,,,###...)<#*#......###.,,,,,,,*


You could see a cyclops (inner flame, weak-willed), a gnoll sergeant (inner
flame, weak-willed), a howler monkey (inner flame, weak-willed), a gnoll (inner
flame, weak-willed) and an orc (inner flame, weak-willed).

Vanquished Creatures
  Maggie (D:7)
  A shadow (D:6)
  A water moccasin (D:6)
  An orc warrior (D:8)
  An ice beast (D:6)
  A sky beast (D:7)
  An ogre (D:6)
  3 centaurs
  A phantom (D:5)
  2 bullfrogs
  3 necrophages
  A scorpion (D:5)
  6 howler monkeys
  2 hounds (D:5)
  4 jellies
  5 orc priests
  6 iguanas
  4 orc wizards
  7 adders
  7 gnolls
  An ufetubus (D:5)
  3 worms
  4 dart slugs (D:1)
  19 orcs
  4 bats
  6 endoplasms
  2 giant cockroaches
  12 goblins
  6 hobgoblins
  6 jackals
  4 quokkas
  8 ball pythons
  2 frilled lizards
  6 kobolds
  3 rats (D:1)
144 creatures vanquished.

Vanquished Creatures (others)
  An orc wizard (D:8)
1 creature vanquished.

Grand Total: 145 creatures vanquished

Notes
Turn   | Place    | Note
-------+----------+-------------------------------------------
     0 | D:1      | Morbidden the Demonspawn Conjurer began the quest for the
                  | Orb.
     0 | D:1      | Reached XP level 1. HP: 13/13 MP: 3/3
   221 | D:1      | Gained mutation: You sometimes gain a little power by
                  | taking damage. [demonic ancestry]
   221 | D:1      | Reached XP level 2. HP: 19/19 MP: 3/5
   796 | D:1      | Reached XP level 3. HP: 23/24 MP: 2/6
  1070 | D:1      | Found a faded altar of an unknown god.
  1407 | D:2      | Learned a level 2 spell: Searing Ray
  1493 | D:2      | Reached skill level 1 in Fighting
  1725 | D:2      | Gained mutation: Your demonic aura sometimes causes spilled
                  | blood to erupt in flames. [demonic ancestry]
  1725 | D:2      | Reached XP level 4. HP: 32/32 MP: 5/7
  2388 | D:3      | Reached skill level 5 in Conjurations
  2844 | D:3      | Noticed a necrophage
  2849 | D:3      | Killed a necrophage
  2850 | D:3      | Reached XP level 5. HP: 38/38 MP: 1/9
  3338 | D:4      | Found a sacrificial altar of Ru.
  3341 | D:4      | Found an ancient bone altar of Kikubaaqudgha.
  4058 | D:4      | Gained mutation: Your demonic aura often causes spilled
                  | blood to erupt in flames. [demonic ancestry]
  4058 | D:4      | Reached XP level 6. HP: 28/44 MP: 3/10
  4182 | D:4      | Identified the amulet "Forget-Me-Not" {Acrobat Dex+3}
  4503 | D:5      | Entered Level 5 of the Dungeon
  4518 | D:5      | Learned a level 4 spell: Iskenderun's Mystic Blast
  4724 | D:5      | Reached skill level 1 in Short Blades
  4857 | D:5      | Reached skill level 6 in Conjurations
  5233 | D:5      | Gained mutation: You sometimes gain power by taking damage.
                  | [demonic ancestry]
  5233 | D:5      | Reached XP level 7. HP: 17/38 MP: 12/12
  5535 | D:5      | Found a hazy altar of Hepliaklqana.
  5545 | D:5      | Reached skill level 1 in Translocations
  5628 | D:5      | Gained mutation: You have hidden genetic potential. [potion
                  | of mutation]
  5628 | D:5      | Gained mutation: You are robust. (+10% HP) [potion of
                  | mutation]
  6021 | D:5      | Found a snail-covered altar of Cheibriados.
  6047 | D:5      | Became a worshipper of Cheibriados the Contemplative
  6147 | D:5      | Gained mutation: You are partially covered in thin metallic
                  | scales. (AC +2) [demonic ancestry]
  6147 | D:5      | Reached XP level 8. HP: 41/63 MP: 13/15
  6488 | D:6      | Gained mutation: You are agile. (Dex +2) [hidden potential]
  6658 | D:6      | Reached skill level 5 in Spellcasting
  6709 | D:6      | Reached skill level 1 in Armour
  7003 | D:6      | Reached skill level 7 in Conjurations
  7265 | D:6      | Found a staircase to the Ecumenical Temple.
  7625 | D:7      | Reached * piety under Cheibriados
  7646 | D:7      | Reached skill level 1 in Invocations
  7916 | D:7      | Found Birr's Weapon Shop.
  7918 | D:7      | Noticed Maggie
  7929 | D:7      | Killed Maggie
  7930 | D:7      | Gained mutation: You are mostly covered in thin metallic
                  | scales. (AC +3) [demonic ancestry]
  7930 | D:7      | Reached XP level 9. HP: 60/71 MP: 13/17
  8027 | D:7      | Identified the +1 dagger of the Reaper {vorpal, Will+ Str+3
                  | Int+2}
  8113 | D:8      | Noticed a cyclops
  8143 | D:8      | HP: 4/106 [poisoned by a gnoll sergeant]
  8143 | D:8      | Demolished by a cyclops

Illustrated notes

Levels and vault maps discovered:
D:1:      scummos_arrival_star, layout_rooms,
          dreamdust_ecumenical_altar_statues, minmay_domino_4
D:2:      layout_loops_ring, minmay_misc_feat_enclosed, minmay_fountain_box
D:3:      layout_rooms
D:4:      layout_rooms, nicolae_overflow_hidden_temple, grunt_tough_drop
D:5:      minmay_angry_zag, layout_rooms, kennysheep_mini_moat,
          cheibrodos_worm_habitat
D:6:      layout_loops_ring, minmay_temple_entry_enclosed_plants
D:7:      layout_basic, serial_shops, nicolae_square_shop, uniq_maggie
D:8:      layout_cave_pools, enter_bailey_3, serial_shops, shop

Skill      XL: |  1  2  3  4  5  6  7  8  9 |
---------------+----------------------------+-----
Stealth        | 2 3 |  3.1
Dodging        | 2 3 4 |  4.1
Fighting       | 1 2 3 4 |  4.2
Conjurations   | 5 6 7 |  7.6
Spellcasting   | 3 4 5 |  5.9
Short Blades   | 1 2 |  2.5
Translocations | 1 3 |  3.2
Armour         | 2 |  2.4
Invocations    | 1 2 |  2.4
Long Blades    | |  0.8

Action                   |  1- 3 |  4- 6 |  7- 9 || total
-------------------------+-------+-------+-------++-------
Melee: Unarmed           |     6 |       |       ||     6
       Dagger            |    39 |    37 |   121 ||   197
       Punch             |       |       |     4 ||     4
 Cast: Magic Dart        |    46 |    98 |    47 ||   191
       Searing Ray       |     2 |    12 |    25 ||    39
       Iskenderun's Myst |       |       |     1 ||     1
  Use: Potion            |       |       |    11 ||    11
       Scroll            |       |       |    11 ||    11
 Stab: Sleeping          |     1 |       |     1 ||     2
       Distracted        |       |       |     1 ||     1
Armor: Robe              |     9 |    11 |     1 ||    21
       Shadow dragon sca |       |       |   132 ||   132
       Skin              |       |       |    26 ||    26
Dodge: Dodged            |    35 |    38 |    95 ||   168

Table legend: (Time is in decaauts)
 A = Elapsed time spent in this place.
 B = Non-inter-level travel time spent in this place.
 C = Inter-level travel time spent in this place.
 D = Time resting spent in this place.
 E = Time spent auto-exploring this place.
 F = Levels seen in this place.
 G = Mean time per level.
                   A        B        C        D        E       F      G
               +--------+--------+--------+--------+--------+-----+--------+
         Total |   8502 |   8355 |    147 |   1145 |   6024 |   8 | 1062.8 |
       Dungeon |   8502 |   8355 |    147 |   1145 |   6024 |   8 | 1062.8 |
               +--------+--------+--------+--------+--------+-----+--------+

Top non-repeatable levels by time:
     D:4: 1776 daAuts
     D:6: 1526 daAuts
     D:5: 1505 daAuts
     D:1: 1351 daAuts
     D:2: 970 daAuts
     D:3: 943 daAuts
     D:7: 361 daAuts
     D:8: 66 daAuts
